AoeStats
← Moriaty04

Arabia

508045171Analyzed
1v1 RM · 13d ago on Sep 20, 2026· 25m 45s· 2 players
Game mode
Random Map
Map size
Tiny (2 player)
Population
200
Speed
Normal
Resources
Standard
Victory
Conquest
Starting age
Dark Age
Ending age
Imperial Age
RankedLock teamsTeams togetherTeam positionsShared explorationLock speedFull tech treeHidden civsTurbo modeCheats
Victory
Defeat
🇸🇰 Franks · Slovakia
1082
+17
🇩🇪 Mongols · Germany
1093
-17
majekf
6:35 Loom
9:54 Feudal Age
10:57 Double-Bit Axe
16:47 Wheelbarrow
18:50 Scale Barding Armor
22:23 Castle Age
20:59 Forging
23:57 Chain Barding Armor
24:10 Bow Saw
26:24 Iron Casting
26:22 Hand Cart
Moriaty04
8:40 Feudal Age
9:06 Double-Bit Axe
9:53 Loom
11:18 Wheelbarrow
22:13 Castle Age
20:18 Fletching
21:35 Padded Archer Armor
22:49 Bodkin Arrow
22:22 Crossbowman
Connection lost

Rejoining the realm…

Still unreachable

The connection could not be restored.

Session expired

The server has moved on; the page needs a fresh start.